 Dungeon Crawl Stone Soup version 0.28-a0-991-g956f0ee3d5 (webtiles) character file.

Game seed: 3435713609512809409

98 wakim the Insei (level 4, -7/28 HPs)
             Began as an Octopode Transmuter on Dec 4, 2021.
             Killed from afar by Natasha (8 damage)
             ... with a puff of flame
             ... on level 2 of the Dungeon.
             The game lasted 00:07:15 (2385 turns).

wakim the Insei (Octopode Transmuter)               Turns: 2385, Time: 00:07:16

Health: -7/28      AC:  1    Str:  9    XL:     4   Next: 69%
Magic:  7/7        EV: 13    Int: 17    God:
Gold:   67         SH:  0    Dex: 12    Spells: 3/7 levels left

rFire   . . .      SeeInvis .     - Unarmed
rCold   . . .      Faith    .   (no shield)
rNeg    . . .      Spirit   .   (helmet restricted)
rPois   .          Reflect  .   (no amulet)
rElec   .          Harm     .   (no ring)
rCorr   .          Rampage  .   (no ring)
Will    .....                   (no ring)
Stlth   +++.......              (no ring)
HPRegen 0.09/turn               (no ring)
MPRegen 0.10/turn               (no ring)
                                (no ring)
                                (no ring)

@: slowed, very slow
A: almost no armour, amphibious, 8 rings, camouflage 1, gelatinous body 1,
(nimble swimmer 1), tentacles
a: no special abilities


You were on level 2 of the Dungeon.
You visited 1 branch of the dungeon, and saw 2 of its levels.

You collected 67 gold pieces.

Inventory:

Magical Staves
 b - a staff of poison
Jewellery
 g - a ring of ice
Scrolls
 d - a scroll of fog {unknown}
 e - a scroll of identify {unknown}
Potions
 a - 2 potions of curing {unknown}
 c - a potion of cancellation {unknown}
 f - a potion of lignification {unknown}
 h - a potion of haste {unknown}
 i - a potion of brilliance {unknown}
 j - a potion of attraction {unknown}


   Skills:
 + Level 1.4 Fighting
 - Level 2.0 Dodging
 - Level 3.0 Stealth
 * Level 4.2 Unarmed Combat
 - Level 2.0 Spellcasting
 * Level 2.6 Transmutations


You had 3 spell levels left.
You knew the following spells:

 Your Spells              Type           Power      Damage    Failure   Level
a - Beastly Appendage     Tmut           20%        N/A       7%          1
x - Spider Form           Tmut/Pois      6%         N/A       34%         3

Your spell library contained the following spells:

 Spells                   Type           Power      Damage    Failure   Level
 Wereblood                Tmut           10%        N/A       10%         2
 Portal Projectile        Hex/Tloc       2%         N/A       50%         3
 Ice Form                 Ice/Tmut       6%         N/A       75%         4
 Blade Hands              Tmut           5%         N/A       88%         5
 Excruciating Wounds      Necr           0%         N/A       99%         5


Dungeon Overview and Level Annotations

Branches:
Dungeon (2/15)

Altars:

Annotations:
D:2 exclusion: adder, Natasha


Innate Abilities, Weirdness & Mutations

You cannot wear most types of armour.
You are amphibious.
You can wear up to eight rings at the same time.
Your skin changes colour to match your surroundings (Stealth+).
Your rubbery body absorbs attacks. (AC +1, EV +1)
((You are camouflaged near water. (Stealth+)))
You have tentacles for arms and can constrict up to eight enemies at once.


Message History

Confirm with . or Enter, or press ? or * to list all spells.
One of your tentacles grows a vicious spike.
Your transformation is almost over.
You closely miss Natasha. You grab Natasha. You squeeze Natasha.
Natasha is lightly wounded.
You constrict Natasha, but do no damage.
Natasha completely misses you.
You tentacle-slap Natasha.
You pierce Natasha.
You tentacle-slap Natasha, but do no damage.
Natasha is severely wounded.
You constrict Natasha. Natasha casts a spell at you. The magic dart hits you!
You tentacle-slap Natasha but do no damage.
You pierce Natasha.
You kill Natasha!
Natasha screams in pain as she dies!
Natasha, Servant of Life and Death comes into view.
She is carrying a wand of flame (18).
Natasha hisses angrily.
Natasha stares at you and mumbles some strange words.
The magic dart hits you.
* * * LOW HITPOINT WARNING * * *
Natasha stares at you and mumbles some strange words.
You feel yourself slow down.
Your tentacle spike disappears.
Natasha wildly gestures.
Natasha glows brightly for a moment.
Natasha casts a spell.
The iron imp puffs mist at you.
Natasha mumbles some strange words.
Natasha mumbles some strange words.
The crimson imp puffs mist at you.
Natasha howls an incantation.
Natasha shimmers violently.
Natasha zaps a wand.
The puff of flame hits you!
* * * LOW HITPOINT WARNING * * *
Natasha zaps a wand.
The puff of flame hits you!
You die...

#...........#####........## #
###.#..........###.##....# ####
#.####..#...>.....[....## ...###
#.####..................#
.....###.......#...........#...#
.###..###...................##.#
.............................#.#
).###..###.....(...รท.h.....#...##
................@..5.55....#.....
....................#####..###...
.............<..###...####..h.#.[
..###...........# ###......##....
................# ######..####.
...)....(.......###### ##..###.
#.###..###...........#######..##.
#...........########.............
#.#.....[...# ######........


You could see an iron imp (summoned), Natasha and 2 crimson imps.

Vanquished Creatures
  Natasha (twice) (D:2)
  A worm (D:2)
  A dart slug (D:2)
  4 bats
  6 endoplasms
  3 giant cockroaches
  2 goblins (D:1)
  2 hobgoblins (D:2)
  4 jackals (D:1)
  2 quokkas (D:1)
  2 ball pythons
  2 frilled lizards
  3 kobolds
  7 rats
41 creatures vanquished.

Notes
Turn   | Place    | Note
-------+----------+-------------------------------------------
     0 | D:1      | wakim the Octopode Transmuter began the quest for the Orb.
     0 | D:1      | Reached XP level 1. HP: 13/13 MP: 3/3
   149 | D:1      | Reached skill level 1 in Stealth
   496 | D:1      | Reached XP level 2. HP: 18/18 MP: 3/5
  1223 | D:1      | Reached XP level 3. HP: 4/23 MP: 6/6
  1255 | D:1      | HP: 1/23 [goblin (4)]
  1752 | D:2      | Found a faded altar of an unknown god.
  1908 | D:2      | Noticed a scorpion
  2144 | D:2      | Learned a level 3 spell: Spider Form
  2148 | D:2      | Noticed Natasha
  2162 | D:2      | Killed Natasha
  2163 | D:2      | Reached skill level 4 in Unarmed Combat
  2163 | D:2      | Reached XP level 4. HP: 16/28 MP: 5/7
  2360 | D:2      | Noticed Natasha
  2370 | D:2      | Killed Natasha
  2372 | D:2      | Noticed Natasha
  2385 | D:2      | HP: 1/28 [Natasha/puff of flame (11)]
  2385 | D:2      | Killed from afar by Natasha

Illustrated notes

Levels and vault maps discovered:
D:1:      heliophobic_arrival_enchanted_forest, layout_loops_ring
D:2:      layout_rooms, hellmonk_ecumenical_altar_lost_god, uniq_natasha

Skill      XL: |  1  2  3 |
---------------+----------+-----
Stealth        | 1 3 |  3.0
Unarmed Combat | 4 |  4.2
Fighting       | |  1.4
Dodging        | |  2.0
Spellcasting   | |  2.0
Transmutations | |  2.6

Action                   |  1- 3 |  4- 6 || total
-------------------------+-------+-------++-------
Melee: Unarmed           |    78 |    12 ||    90
       Tentacles         |    16 |     1 ||    17
       Kick              |    18 |     2 ||    20
       Constrict         |    19 |     1 ||    20
       Punch             |     1 |     1 ||     2
 Cast: Beastly Appendage |    20 |     2 ||    22
 Stab: Sleeping          |     8 |       ||     8
Armor: Skin              |     6 |       ||     6
Dodge: Dodged            |    41 |     3 ||    44

Table legend: (Time is in decaauts)
 A = Elapsed time spent in this place.
 B = Non-inter-level travel time spent in this place.
 C = Inter-level travel time spent in this place.
 D = Time resting spent in this place.
 E = Time spent auto-exploring this place.
 F = Levels seen in this place.
 G = Mean time per level.
                   A        B        C        D        E       F      G
               +--------+--------+--------+--------+--------+-----+--------+
         Total |   2387 |   2207 |    180 |    473 |   1120 |   2 | 1193.5 |
       Dungeon |   2387 |   2207 |    180 |    473 |   1120 |   2 | 1193.5 |
               +--------+--------+--------+--------+--------+-----+--------+

Top non-repeatable levels by time:
     D:1: 1673 daAuts
     D:2: 714 daAuts
